Cogmind - Beta 17 @@@ ROGUE MODE // 2026.07.26 @ 10:20:30 Player: Noggity Result: Destroyed by as-21336 with Assembled Blade Performance ------------- Evolutions (0) 0 Regions Visited (2) 400 Robots Destroyed (8) 40 Value Destroyed (136) 136 Prototype IDs (2) 40 Alien Tech Used (0) 0 Bonus (25) 25 TOTAL SCORE: 641 Bonus ------- Follower Combat Kills 25 Cogmind --------- Core Integrity 0/250 Matter 159/300 Energy 250/250 System Corruption 2% Temperature Cool (0) Movement Treading (160) Location -10/Mines Parts ------- > --- POWER (1) -------- Ion Engine > --- PROPULSION (2) --- Light Treads > --- UTILITY (2) ------ (None) > --- WEAPON (2) ------- (None) > --- INVENTORY (5) ---- Light Cannon Light Cannon Light Cannon Peak State ------------ > --- POWER ------------ Ion Engine > --- PROPULSION ------- Light Treads Light Treads > --- UTILITY ---------- Small Storage Unit Seismic Detector > --- WEAPON ----------- Light Cannon Light Cannon > --- INVENTORY -------- Ion Engine Light Treads Light Treads Light Armor Plating Light Cannon Light Cannon Light Cannon Signal Generator [Rating: 8] Favorites ----------- Power Ion Engine Engine Ion Engine Propulsion Light Treads Treads Light Treads Leg Aluminum Leg Utility Small Storage Unit Device Seismic Detector Storage Small Storage Unit Protection Light Armor Plating Weapon Light Cannon Energy Gun Medium Laser Ballistic Gun Assault Rifle Ballistic Cannon Light Cannon Build | -11 -10 -10 ------- Run | Yrd Mat Min Slots Evolved . | . . . Power . | . . . Propulsion . | . . . Utility . | . . . Weapon . | . . . Parts Attached 13 | 2 7 4 Power 2 | . 1 1 Engine 2 | . 1 1 Core . | . . . Reactor . | . . . Propulsion 4 | . 2 2 Treads 4 | . 2 2 Leg . | . . . Wheel . | . . . Hover . | . . . Flight . | . . . Utility 3 | 1 1 1 Device 2 | 1 1 . Storage . | . . . Processor . | . . . Hackware . | . . . Protection 1 | . . 1 Artifact . | . . . Weapon 4 | 1 3 . Energy Gun . | . . . Energy Cannon . | . . . Ballistic Gun 1 | 1 . . Ballistic Cannon 3 | . 3 . Launcher . | . . . Special Weapon . | . . . Impact Weapon . | . . . Slashing Weapon . | . . . Piercing Weapon . | . . . Special Melee Weapon . | . . . Unidentified Prototypes . | . . . Parts Lost 9 | . . 9 Power 1 | . . 1 Propulsion 3 | . . 3 Utility 3 | . . 3 Weapon 2 | . . 2 Highest Loss Streak 8 | . . 8 To Critical Strikes . | . . . Average Backups 7 | 6 7 6 Power . | 1 1 . Propulsion 2 | 4 2 1 Utility . | . . . Weapon 3 | 1 3 3 Tool/Special . | . . . Unused Backups 9 | . 5 4 Power 2 | . 2 . Propulsion . | . . . Utility . | . . . Weapon 7 | . 3 4 Tool/Special . | . . . Average Slot Usage (%) 96 | . 99 95 Engine 13 | . 14 13 Treads 24 | . 21 26 Leg 2 | . 6 . Device 13 | . 14 12 Storage 13 | . 14 13 Ballistic Cannon 24 | . 23 25 Peak Build Rating 8 | 7 7 8 Average Rating 6 | 6 6 6 On Entrance 6 | 6 7 7 Avg Prop Armor Cover (%) . | . . . Naked Turns . | . . . Heaviest Build 19 | 15 17 19 Greatest Support 40 | 20 40 40 Greatest Overweight (x) . | . . . Average Overweight (x) . | . . . Largest Inventory Capacity 8 | 8 8 8 Average Capacity 7 | 8 8 7 Most Carried 8 | 6 8 8 Average Carried 7 | 6 7 6 Final Capacity 8 | 8 8 5 Final Carried 8 | 6 8 3 Class Distribution -------------------- 100% | Mutant Dominant Class ---------------- Mutant | -10/Materials Mutant | -10/Mines Resources | -11 -10 -10 ----------- Run | Yrd Mat Min Matter Collected 596 | 232 74 290 Remotely . | . . . Salvage Created 238 | 21 71 146 Parts 12 | 2 8 2 Haulers Intercepted 1 | . 1 . Recyclers Shooed 1 | . 1 . Parts Field Recycled . | . . . Retrieved Matter . | . . . Parts Self-Destructed . | . . . Prevented . | . . . Parts Restored . | . . . Kills | -11 -10 -10 ------- Run | Yrd Mat Min Combat Hostiles Destroyed 15 | . 3 12 Melee 1 | . . 1 Cannons 14 | . 3 11 Classes Destroyed 6 | 1 2 3 Tunneler 1 | 1 . . Hauler 1 | . 1 . Recycler 1 | . . 1 Swarmer 3 | . 3 . Grunt 2 | . . 2 Assembled 10 | . . 10 Best Kill Streak 5 | 1 3 5 Combat Bots Only 5 | . 3 5 Max Kills in Single Turn 2 | 1 1 2 Gunslinging . | . . . Exploded . | . . . Melee 1 | . . 1 Uniques/NPCs Destroyed . | . . . Combat | -11 -10 -10 -------- Run | Yrd Mat Min Hostile Shots Fired 113 | . 23 90 Missed 30 | . 2 28 Hits 83 | . 21 62 Melee 25 | . . 25 Projectile 58 | . 21 37 Critical Strikes 1 | . . 1 Damage Taken 1408 | . 168 1240 Core 250 | . . 250 Absorbed by Shields . | . . . Core Remaining (%) 100 | 100 . . Volleys Fired 57 | 5 15 37 Largest 2 | 2 2 2 Hottest 90 | 90 60 60 Shots Fired 111 | 10 30 71 Gun 10 | 10 . . Cannon 101 | . 30 71 Launcher . | . . . Special . | . . . Kinetic 105 | 4 30 71 Thermal 5 | 5 . . Explosive . | . . . Electromagnetic 1 | 1 . . Robot Hit Streak 12 | 5 3 12 Robot Miss Streak 6 | 2 6 5 Penetration Max . | . . . Secondary Targets . | . . . Shots Hit Robots 62 | 6 10 46 Core Hits 24 | 2 4 18 Critical Kills . | . . . Critical Parts Destroyed . | . . . Critical Strikes 1 | . . 1 Blast 1 | . . 1 Melee Attacks . | . . . Impact . | . . . Slashing . | . . . Piercing . | . . . Sneak Attacks . | . . . Combat Hostiles . | . . . Follow-up Attacks . | . . . Damage Inflicted 1090 | 73 192 825 Guns 73 | 73 . . Cannons 1010 | . 192 818 Explosions . | . . . Melee . | . . . Ramming 7 | . . 7 Kinetic 1034 | 24 192 818 Thermal 49 | 49 . . Explosive . | . . . Electromagnetic . | . . . Impact . | . . . Slashing . | . . . Piercing . | . . . Highest Corruption 2 | . 2 2 Average Corruption 2 | . 2 2 Corruption Purged . | . . . Corruption Blocked . | . . . Effects 11 | . 5 6 Message Errors 3 | . . 3 Matter Fused 4 | . 3 1 Data Loss (minor) 3 | . 2 1 Data Loss (major) 1 | . . 1 Overload Shots . | . . . Overflow Damage 23 | . . 23 Projectiles 23 | . . 23 Explosions . | . . . Melee . | . . . Knockbacks 11 | . 1 10 Impact . | . . . Kinetic 8 | . 1 7 Secondary 3 | . . 3 Self-Inflicted Damage . | . . . Shots . | . . . Rammed 8 | . . 8 Targets Rammed 9 | . . 9 Kicked . | . . . Crushed 1 | . . 1 Highest Temperature 101 | 36 . 101 Average Temperature 32 | 18 . 35 Received Heat Transfer 122 | . . 122 Siege Activations . | . . . Martial Activations . | . . . Shielding Activations . | . . . Robots Disrupted . | . . . Combat Hostiles . | . . . Robots Corrupted . | . . . Combat Hostiles . | . . . Parts Fried . | . . . Impact Corruptions . | . . . Robots Melted . | . . . Combat Hostiles . | . . . Parts Melted 1 | 1 . . Heat Transferred 148 | 148 . . Parts Sabotaged . | . . . Parts Stolen . | . . . Parts Stripped . | . . . Power Chain Reactions . | . . . Alert | -11 -10 -10 ------- Run | Yrd Mat Min Maximum Alert Level . | . . . Low Security (%) 100 | 100 100 100 Level 1 . | . . . Level 2 . | . . . Level 3 . | . . . Level 4 . | . . . Level 5 . | . . . High Security . | . . . Max Security . | . . . Peak Influence 78 | 5 78 57 Initial . | . . . Average 14 | 1 22 8 Influence Increases 219 | 5 121 93 Destroy 0b10 Robot/C 120 | . 60 60 Destroy 0b10 Robot/NC 20 | 5 5 10 Destroy Leader 22 | . 12 10 Allied During Kill 1 | . . 1 Successful Hack 41 | . 29 12 Disable Machine 15 | . 15 . Influence Decreases 219 | 5 121 93 Time Decay 199 | 5 121 73 Lost Ally 20 | . . 20 Squads Dispatched 1 | . . 1 Investigation . | . . . Extermination . | . . . Reinforcement . | . . . Assault 1 | . . 1 Garrison . | . . . Intercept . | . . . Searches Triggered . | . . . Construction Impeded . | . . . Haulers Reinforced . | . . . Active Scanning Responses . | . . . Cargo Convoy Interrupts . | . . . Stealth | -11 -10 -10 --------- Run | Yrd Mat Min Distress Signals 1 | . 1 . Communications Jammed . | . . . Distress Signals . | . . . Times Spotted 32 | . 6 26 Peak Tracking Total 11 | . 4 11 Tactical Retreats 5 | . . 5 Traps | -11 -10 -10 ------- Run | Yrd Mat Min Traps Triggered 1 | . 1 . Indirectly . | . . . Trap Hack Attempts . | . . . Triggered . | . . . Disarmed . | . . . Reprogrammed . | . . . Reused . | . . . Traps Extracted . | . . . Installed . | . . . Triggered . | . . . Machines | -11 -10 -10 ---------- Run | Yrd Mat Min Machines Disabled 1 | . 1 . Max in Single Turn 1 | . 1 . Machines Repaired . | . . . Machines Dismantled . | . . . Machines Sabotaged . | . . . Overloaded Fab Kills . | . . . Hacking | -11 -10 -10 --------- Run | Yrd Mat Min Machines Accessed 4 | . 3 1 Terminals 4 | . 3 1 Fabricators . | . . . Repair Stations . | . . . Recycling Units . | . . . Scanalyzers . | . . . Garrison Access . | . . . Total Hacks 17 | . 15 2 Successful 7 | . 5 2 Failed 10 | . 10 . Catastrophic 1 | . 1 . Database Lockouts . | . . . Manual 11 | . 11 . Terminals 17 | . 15 2 Fabricators . | . . . Repair Stations . | . . . Recycling Units . | . . . Scanalyzers . | . . . Garrison Access . | . . . Terminal Hacks 5 | . 3 2 Record 1 | . 1 . Prototype ID Bank 1 | . 1 . Level Access Points 1 | . 1 . Investigation Status 1 | . . 1 Recall Investigation 1 | . . 1 Fabricator Hacks . | . . . Repair Station Hacks . | . . . Recycling Unit Hacks . | . . . Scanalyzer . | . . . Garrison Access Hacks . | . . . Unauthorized Hacks 2 | . 2 . Terminals 2 | . 2 . Botnet 2 | . 2 . Fabricators . | . . . Repair Stations . | . . . Recycling Units . | . . . Scanalyzers . | . . . Garrison Access . | . . . Data Cores Recovered . | . . . Used . | . . . Hacking Detections 4 | . 3 1 Full Trace Events 1 | . 1 . Feedback Events . | . . . Feedback Blocked . | . . . Robot Schematics Acquired . | . . . Robots Built . | . . . Authchips . | . . . Time . | . . . Total Robot Build Rating . | . . . Part Schematics Acquired . | . . . Parts Built . | . . . Authchips . | . . . Time . | . . . Total Part Build Rating . | . . . Part Studies Acquired . | . . . Parts Repaired . | . . . Time . | . . . Parts Recycled . | . . . Recycled Matter . | . . . Retrieved Matter . | . . . Retrieved Components . | . . . Parts Scanalyzed . | . . . Part Schematics Acquired . | . . . Parts Damaged . | . . . Bothacking | -11 -10 -10 ------------ Run | Yrd Mat Min Used RIF Installer . | . . . Robots Hacked . | . . . Non-combat . | . . . Combat . | . . . Robot Hacks Applied . | . . . Relay Couplers Released . | . . . Fabnet Peak Effective % . | . . . Robots Rewired . | . . . Allies Hacked . | . . . Hacks Repelled . | . . . Allies | -11 -10 -10 -------- Run | Yrd Mat Min Total Allies 1 | . . 1 Largest Group 1 | . . 1 Highest-Rated Group 31 | . . 31 Highest-Rated Ally 31 | . . 31 Total Orders . | . . . Ally Attacks 4 | . . 4 Total Damage 60 | . . 60 Kills 2 | . . 2 Allies Corrupted . | . . . Allies Melted . | . . . Intel | -11 -10 -10 ------- Run | Yrd Mat Min Active Infowar (turns) 782 | 7 367 408 Seismic 782 | 7 367 408 Robot Analysis Total . | . . . Derelict Logs Recovered . | . . . Drone Launches . | . . . Drone Recoveries . | . . . Exploration | -11 -10 -10 ------------- Run | Yrd Mat Min Turns Passed 877 | 30 367 480 Spaces Moved 409 | 11 199 199 Core . | . . . Treads 353 | . 154 199 Legs 56 | 11 45 . Wheels . | . . . Hover . | . . . Flight . | . . . Fastest Speed 120 | 120 120 160 Average Speed 154 | 120 150 160 Slowest Speed 160 | 120 160 160 Overloaded Moves . | . . . Propulsion Burnouts . | . . . Robots Hopped . | . . . Potential Cave-ins . | . . . Cave-ins Triggered . | . . . Exploration Rate (%) 28 | 2 41 42 Regions Visited 2 Branch Regions 1 Pre-discovered Areas . | . . . Known Exits Taken . | . . . Unknown Exits Taken 2 | 1 1 . Scrap Searched 1 | . . 1 Spaces Dug . | . . . Terrain Destroyed . | . . . Melee . | . . . Projectile . | . . . AOE . | . . . Terrain Rammed . | . . . Walls Destroyed . | . . . Machines Disabled . | . . . Actions | -11 -10 -10 --------- Run | Yrd Mat Min Total 543 | 17 242 284 Wait 31 | . 3 28 Move 407 | 10 198 199 Hop . | . . . Pick Up 7 | . 6 1 Fast Attach 6 | 1 4 1 Attach 5 | . . 5 Detach 3 | . 2 1 Swap 5 | 1 3 1 Drop 13 | . 11 2 Fire 57 | 5 15 37 Melee . | . . . Ram . | . . . Kick . | . . . Crush 9 | . . 9 Escape Stasis . | . . . Rewire . | . . . Trap . | . . . Miscellaneous . | . . . Route ------- -11/Scrapyard -10/Materials (discovered 4 exits: *Mat x3 / *Min) -10/Mines (discovered 1 exit: *Mat) History --------- Turn | Location | Event 18 | -11/Scrapyard | Discovered new exit (range 3) 31 | -11/Scrapyard | Entered Materials 126 | -10/Materials | Identified exit to Materials 303 | -10/Materials | Build established: Mutant 348 | -10/Materials | Discovered new exit (range 16) 398 | -10/Materials | Entered Mines 453 | -10/Mines | Discovered exit to Materials (range 15) 515 | -10/Mines | Met a Derelict bent on vengeance 529 | -10/Mines | Met a Derelict testing a Signal Generator 538 | -10/Mines | Found Signal Generator 670 | -10/Mines | Assembled infested the area 675 | -10/Mines | Assisted by a Guerilla fighting off Assembled 830 | -10/Mines | Core integrity fell below 50% 871 | -10/Mines | Core integrity fell below 20% 878 | -10/Mines | Destroyed by as-21336 with Assembled Blade Last Messages --------------- 00823_ Slammed into as-12075. 00824_ Lgt. Treads destroyed. 00825_ Slammed into as-12075. 00826_ Ion Engine destroyed. 00828_ Slammed into as-17629. 00829_ Slammed into as-21336. 00833_ Slammed into as-32933. 00834_ Slammed into as-52203. 00835_ Acquired 29 matter. 00836_ Crushed as-75203. 00836_ as-75203 destroyed. 00837_ Acquired 30 matter. 00837_ Acquired 17 matter. 00839_ Acquired 7 matter. 00841_ Acquired 2 matter. 00841_ Lgt. Cannon destroyed. 00848_ Sml. Storage Unit destroyed. 00857_ Acquired 30 matter. 00866_ Lgt. Treads destroyed. 00870_ Seismic Detector destroyed. Map ----- +----------------------------------------------------+ | ##????## ##????????# ## ##??? | | #????????##?????????# #??? | | ##???????????????????# #??? | | ####?????????????????# ## ##??? | | #?????????????????# ######???? | | ## #?????????????????# ##????????? | | ## #?????????????????# #?????????? | | ## #??????????????#### #?????????? | | ?# #??????????????# #?????????? | | ## #??????????????#[#####?????????? | | #??????????????# #?????????????? | | #??????????????#!#?????????????? | | # ######?????????# #?????????????? | | #?????????# #####?????????? | | " """ #?????????# % %%#?????????? | | " """ #?????????# ### #?????????? | | " "" #?????????# #?????????????? | | #?????##### #?????????????? | | """ #?????# #?????????????? | | """ ##????# ####?????????????? | | """ T#????# #????????????????? | | ##???## #????????????????? | | #????# ##????????#??????? | | ##### ###????# ##?????? #??????? | | ????# #?????## a ####### #??????? | | ????# ###???# a aa a@ #??????? | | ???## ##?# ####### #??????? | | ???# #?# #?????? #??????? | | ???# #?# #??????#??????? | | ???# ##?## ????????????? | | ???## ##???### #??????????? | | ????# #??????## ?????????? | | ????# #???????# ##????????? | | ???? #??????? #?????????? | | ???? #??????? ##?????????? | | ???? #??????? #######??????????? | | ???? ##?????? ##????????????????? | | ???? ???????? ??????????????????? | | ???? ???????? ??????????????????? | | ???? ???????? ??????????????????? | | ????